 Dungeon Crawl Stone Soup version 0.28.0-49-g6dfe1f597d (webtiles) character file.

Game seed: 10574711429069731120

764 Exodus22XD the Poker (level 7, -13/53 HPs)
             Began as a Demonspawn Gladiator on May 19, 2022.
             Killed from afar by Pikel (36 damage)
             ... with a bolt of acid
             ... on level 5 of the Dungeon.
             The game lasted 00:02:57 (4675 turns).

Exodus22XD the Poker (Demonspawn Gladiator)         Turns: 4675, Time: 00:02:58

Health: -13/53     AC: 11    Str: 16    XL:     7   Next: 51%
Magic:  7/7        EV:  8    Int: 16    God:
Gold:   252        SH:  0    Dex: 14    Spells: 6/6 levels left

rFire   . . .      SeeInvis .   a - +0 trident
rCold   + . .      Faith    .   (no shield)
rNeg    . . .      Spirit   .   l - +1 chain mail {rC+}
rPois   .          Reflect  .   c - +0 helmet
rElec   .          Harm     .   (no cloak)
rCorr   .          Rampage  .   (no gloves)
Will    .....                   n - +1 pair of boots
Stlth   ..........              (no amulet)
HPRegen 0.17/turn               g - +6 ring of intelligence
MPRegen 0.10/turn               (no ring)

@: corroded
A: claws 2, molten scales 1, demonic guardian 1
a: no special abilities


You were on level 5 of the Dungeon.
You visited 1 branch of the dungeon, and saw 5 of its levels.

You collected 252 gold pieces.

Inventory:

Hand Weapons
 a - a +0 trident (weapon)
Missiles
 d - 3 throwing nets (quivered)
Armour
 c - a +0 helmet (worn)
 l - a +1 chain mail of cold resistance (worn)
 n - a +1 pair of boots (worn)
Jewellery
 g - a +6 ring of intelligence (left claw)
 p - a ring of poison resistance
Scrolls
 b - a scroll of torment {unknown}
 f - a scroll of immolation {unknown}
 k - a scroll of amnesia {unknown}
 m - a scroll of blinking {unknown}
 o - 2 scrolls of magic mapping {unknown}
 q - 2 scrolls of identify {unknown}
 r - a scroll of teleportation {unknown}
Potions
 e - a potion of resistance {unknown}
 h - a potion of might {unknown}
 i - a potion of haste {unknown}


   Skills:
 + Level 3.8 Fighting
 + Level 6.2 Polearms
 + Level 2.0 Throwing
 + Level 2.7 Armour
 + Level 3.5 Dodging
 + Level 1.1 Stealth


You had 6 spell levels left.
You didn't know any spells.
Your spell library was empty.

Dungeon Overview and Level Annotations

Branches:
Dungeon (5/15)             Temple (0/1) D:5

Altars:
Kikubaaqudgha
Nemelex Xobeh
Okawaru
Ru
Vehumet

Shops:
D:2 !

Annotations:
D:5 Pikel


Innate Abilities, Weirdness & Mutations

You have very sharp fingernails.
You are partially covered in molten scales. (AC +2)
A weak demonic guardian rushes to your aid.


Message History

Found a robe.
No target in view!
You now have 252 gold pieces (gained 15).
r - a scroll labelled GUBOTE QONEEL QEU No target in view!
As you open the door, it creaks loudly!
You hear a shout!
Found a staircase to the Ecumenical Temple.
No target in view!
There is an open door here.
Something unseen opens the door.
You sense a monster nearby.
No target in view!
Pikel, Merchant of Souls comes into view.
He is wielding a +0 whip of flaming and carrying a wand of acid (7).
Pikel is nearby!
You hit Pikel.
Pikel is lightly wounded.
Pikel zaps a wand.
The bolt of acid hits you!!
A demonic guardian appears!
The acid corrodes you!
You hit Pikel but do no damage.
Pikel is lightly wounded.
Pikel hits you but does no damage.
You closely miss Pikel.
Pikel is lightly wounded.
Your ufetubus closely misses Pikel.
Your ufetubus completely misses Pikel.
Pikel zaps a wand.
The bolt of acid hits you!!
Ouch! That really hurt!
* * * LOW HITPOINT WARNING * * *
A lemure comes into view.
Your ufetubus closely misses Pikel.
Your ufetubus hits Pikel.
You feel much better. Pikel hits you but does no damage.
Your ufetubus hits Pikel but does no damage.
Your ufetubus closely misses Pikel.
You swap places.
Your ufetubus closely misses Pikel.
Your ufetubus barely misses Pikel.
Pikel hits you with a +0 whip of flaming.
Pikel burns you.
Your ufetubus barely misses Pikel.
Your ufetubus closely misses Pikel.
Pikel zaps a wand.
The bolt of acid hits you!!!
Ouch! That really hurt!
You die...

.+ .# .# # .#
#####. .#
...#'#######.#
#.....K5....#
#....5......#
#.....@....##
#[.........#
#..........#
#.###'###..#
#.#.....#..#
#.#.###.#..#
#.+.#>+.+.##
#.#.###.###
#.#.....#


You could see Pikel (ally target), a lemure and a friendly ufetubus (summoned).

Vanquished Creatures
  2 ice beasts (D:5)
  A black bear (D:3)
  A scorpion (D:5)
  A jelly (D:5)
  An orc priest (D:4)
  A centaur skeleton (D:4)
  3 iguanas
  A hound skeleton (D:4)
  3 adders
  A gnoll (D:5)
  An adder skeleton (D:4)
  5 worms
  A dart slug (D:1)
  3 orcs
  6 bats
  3 endoplasms
  2 giant cockroaches
  2 goblins (D:1)
  9 hobgoblins
  6 jackals (D:1)
  5 kobolds
  4 quokkas
  4 ball pythons
  3 frilled lizards
  6 rats
75 creatures vanquished.

Vanquished Creatures (collateral kills)
  A steam dragon (D:5)
  A worm (D:4)
  A giant cockroach (D:4)
3 creatures vanquished.

Vanquished Creatures (others)
  A human (D:4)
1 creature vanquished.

Grand Total: 79 creatures vanquished

Notes
Turn   | Place    | Note
-------+----------+-------------------------------------------
     0 | D:1      | Exodus22XD the Demonspawn Gladiator began the quest for the
                  | Orb.
     0 | D:1      | Reached XP level 1. HP: 16/16 MP: 1/1
    76 | D:1      | Gained mutation: You have sharp fingernails. [demonic
                  | ancestry]
    76 | D:1      | Reached XP level 2. HP: 22/22 MP: 2/2
   106 | D:1      | Reached skill level 3 in Polearms
   503 | D:1      | Gained mutation: You have very sharp fingernails. [demonic
                  | ancestry]
   503 | D:1      | Reached XP level 3. HP: 26/27 MP: 3/3
   977 | D:2      | Found Vaacropt's Distillery.
  1562 | D:3      | Noticed a black bear
  1571 | D:3      | Killed a black bear
  1572 | D:3      | Reached skill level 4 in Polearms
  1572 | D:3      | Reached skill level 1 in Armour
  1572 | D:3      | Gained mutation: A weak demonic guardian rushes to your
                  | aid. [demonic ancestry]
  1572 | D:3      | Reached XP level 4. HP: 9/34 MP: 4/4
  1572 | D:3      | Reached XP level 5. HP: 11/39 MP: 5/5
  1841 | D:3      | Found a sacrificial altar of Ru.
  2102 | D:3      | Found a faded altar of an unknown god.
  2268 | D:3      | Found a sparkling altar of Nemelex Xobeh.
  2457 | D:4      | Found a radiant altar of Vehumet.
  2737 | D:4      | Noticed a phantom
  3142 | D:4      | Found an iron altar of Okawaru.
  3159 | D:4      | Reached XP level 6. HP: 46/46 MP: 6/6
  3303 | D:4      | Found an ancient bone altar of Kikubaaqudgha.
  3304 | D:4      | Noticed a human
  3307 | D:4      | Killed a human
  3359 | D:5      | Entered Level 5 of the Dungeon
  3394 | D:5      | Noticed an ice beast
  3396 | D:5      | Noticed an ice beast
  3418 | D:5      | Killed an ice beast
  3419 | D:5      | Reached skill level 5 in Polearms
  3440 | D:5      | Killed an ice beast
  3658 | D:5      | Gained mutation: You are partially covered in molten
                  | scales. (AC +2) [demonic ancestry]
  3658 | D:5      | Reached XP level 7. HP: 30/52 MP: 7/7
  3980 | D:5      | Noticed a steam dragon
  3998 | D:5      | Killed a steam dragon
  3999 | D:5      | Reached skill level 6 in Polearms
  3999 | D:5      | Reached skill level 1 in Stealth
  4658 | D:5      | Found a staircase to the Ecumenical Temple.
  4666 | D:5      | Noticed Pikel
  4672 | D:5      | HP: 1/53 [Pikel/bolt of acid (31)]
  4675 | D:5      | Killed from afar by Pikel

Illustrated notes

Levels and vault maps discovered:
D:1:      ebering_trefoil_twist, layout_rooms,
          wander_ebering_terrifying_dragon_lair
D:2:      layout_rooms, serial_shops, shop, kennysheep_generic_room_9
D:3:      layout_basic, marbit_many_paths, nicolae_ru_path_of_blood,
          dilly_ecumenical_altar_fadedgnrine
D:4:      layout_loops_cross, mainiacjoe_overflow_cross_hatched,
          tgw_kikubaaqudgha, vehumet_crystals, nicolae_wormholes
D:5:      minmay_evil_eye, layout_basic,
          nicolae_uskayaw_murder_on_the_dancefloor,
          minmay_temple_entry_glassed_door, uniq_pikel

Skill      XL: |  1  2  3  4  5  6  7 |
---------------+----------------------+-----
Throwing       | 2 |  2.0
Polearms       | 3 4 5 6 |  6.2
Dodging        | 3 |  3.5
Armour         | 1 2 |  2.7
Fighting       | 3 |  3.8
Stealth        | 1 |  1.1

Action                   |  1- 3 |  4- 6 |  7- 9 || total
-------------------------+-------+-------+-------++-------
Melee: Trident           |   125 |   161 |    42 ||   328
       Punch             |     3 |     2 |       ||     5
  Use: Potion            |       |       |     1 ||     1
 Stab: Distracted        |       |       |     1 ||     1
Armor: Leather armour    |    33 |       |       ||    33
       Chain mail        |     7 |    74 |    27 ||   108
Dodge: Dodged            |    82 |    51 |    10 ||   143
